 Dungeon Crawl Stone Soup version 0.31-a0-692-gf03d1854d5 (webtiles) character file.

Game seed: 3536130431135948689

97 qw the Shooter (level 4, -2/28 HPs)
             Began as a Gargoyle Hunter on Sept 6, 2023.
             Slain by a gnoll
             ... wielding a +0 halberd
              (3 damage)
             ... on level 2 of the Dungeon.
             The game lasted 00:00:29 (986 turns).

qw the Shooter (Gargoyle Hunter)                     Turns: 986, Time: 00:00:29

Health: -2/28      AC:  6    Str: 15    XL:     4   Next: 68%
Magic:  4/4        EV: 11    Int:  9    God:
Gold:   26         SH:  0    Dex: 15    Spells: 3/3 levels left

rFire   . . .        Y - +0 shortbow
rCold   . . .        (shield currently unavailable)
rNeg    + . .        c - +0 leather armour
rPois   inf          (no helmet)
rElec   +            (no cloak)
rCorr   .            (no gloves)
SInv    .            (no boots)
Will    .....        (no amulet)
Stlth   ++           (no ring)
HPRegen 0.24/turn    (no ring)
MPRegen 0.09/turn

%: no passive effects
@: about to teleport
A: sickness immunity, AC +3, negative energy resistance 1, electricity
resistance, torment resistance 1, petrification resistance
a: no special abilities


You were on level 2 of the Dungeon.
You visited 1 branch of the dungeon, and saw 2 of its levels.

You collected 72 gold pieces.
You spent 46 gold pieces at shops.


Innate Abilities, Weirdness & Mutations

You are immune to sickness and miasma.
Your stone body is resilient. (AC +3)
You are immune to poison.
You resist negative energy. (rN+)
You are resistant to electric shocks. (rElec)
You are resistant to unholy torment.
You are immune to petrification.


   Skills:
 - Level 3.3 Fighting
 + Level 5.4 Ranged Weapons
 - Level 1.5 Dodging
 - Level 1.1 Stealth


You had 3 spell levels left.
You didn't know any spells.
Your spell library was empty.

Inventory:

Hand Weapons
 Y - a +0 shortbow (weapon)
Armour
 c - a +0 leather armour (worn)
 f - the +2 leather armour "Engurchiw" {rPois rC- Dex+4}
   (You found it on level 2 of the Dungeon)

   Dex+4:     It affects your dexterity (+4).
   rC-:       It makes you vulnerable to cold.
   rPois:     It protects you from poison
Scrolls
 a - a scroll of teleportation
 b - a scroll of blinking {unknown}
 e - a scroll of torment {unknown}
Potions
 d - a potion of haste {unknown}
 g - a potion of brilliance {unknown}

Dungeon Overview and Level Annotations

Branches:
Dungeon (2/15)

Altars:

Shops:
D:2 *


Message History

951 ||| STILL FLEEEEING.
952 ||| STILL FLEEEEING.
953 ||| STILL FLEEEEING.
954 ||| STILL FLEEEEING.
You start resting.
A gnoll is nearby!
You shoot an arrow. The arrow hits the gnoll.
You kill the gnoll!
You start resting.
HP restored.
A gnoll is nearby!
You shoot an arrow. The gnoll shouts!
The arrow hits the gnoll.
The gnoll is lightly wounded.
You shoot an arrow. The arrow barely misses the gnoll.
The gnoll closely misses you.
You shoot an arrow. The arrow closely misses the gnoll.
The gnoll hits you from afar with a +0 halberd!
You shoot an arrow. The arrow barely misses the gnoll.
The gnoll barely misses you.
You shoot an arrow. The arrow barely misses the gnoll.
The gnoll misses you.
The gnoll hits you from afar with a +0 halberd!
You shoot an arrow. The arrow hits the gnoll.
The gnoll is moderately wounded.
The gnoll barely misses you.
You shoot an arrow. The arrow hits the gnoll.
The gnoll is severely wounded.
The gnoll misses you.
You shoot an arrow. The arrow barely misses the gnoll.
The gnoll barely misses you.
You shoot an arrow. The arrow closely misses the gnoll.
The gnoll hits you from afar with a +0 halberd.
The gnoll hits you from afar with a +0 halberd!
986 ||| READING 2 scrolls of teleportation.
As you read the scroll of teleportation, it crumbles to dust.
You feel strangely unstable.
The gnoll hits you from afar with a +0 halberd.
You die...

#.####........####.#####
#.# #.#.#######.......#
#.# #.#.# #.#.###.# #.#
#.. ..#.# #.#.# #.# #.#
### ####+# #.#.# #.#
##.# #...# #.# ###...
#.### #.# #.....
#.#.###.# #.#...
#@......#####.##..
+..#................
#g###..########.##.. #.#
##.# #.###. ## ..#
#..... .#.# #####. .##.#
#. ## #.# #. #.


You could see a gnoll.

Vanquished Creatures
  Terence (D:2)
  2 gnolls (D:2)
  An adder (D:2)
  3 dart slugs
  3 ball pythons
  2 endoplasms (D:1)
  A giant cockroach (D:1)
  3 hobgoblins (D:1)
  2 jackals (D:2)
  8 kobolds
  5 quokkas (D:1)
  A frilled lizard (D:1)
  2 goblins (D:1)
  2 rats
36 creatures vanquished.

Notes
Turn   | Place    | Note
-------+----------+-------------------------------------------
     0 | D:1      | qw the Gargoyle Hunter began the quest for the Orb.
     0 | D:1      | Reached XP level 1. HP: 12/12 MP: 1/1
     0 | D:1      | 0 ||| qw: Version: 0.3-a-76-g4403597
     0 | D:1      | 0 ||| qw: Game counter: 190
     0 | D:1      | 0 ||| qw: Melee chars always use a shield: true
     0 | D:1      | 0 ||| qw: God list: Okawaru
     0 | D:1      | 0 ||| qw: Allow faded altars: false
     0 | D:1      | 0 ||| qw: Do Orc after clearing Dungeon:15 true
     0 | D:1      | 0 ||| qw: Do second Lair branch before Depths: true
     0 | D:1      | 0 ||| qw: Lair rune preference: random
     0 | D:1      | 0 ||| qw: Goals: Normal
     0 | D:1      | 0 ||| PLANNING D:1-11
   109 | D:1      | Reached XP level 2. HP: 17/17 MP: 2/2
   313 | D:1      | Reached XP level 3. HP: 21/21 MP: 3/3
   380 | D:1      | Reached skill level 5 in Ranged Weapons
   589 | D:1      | 589 ||| READING 2 scrolls labelled YTOMUI BISUXU.
   594 | D:1      | 594 ||| READING scroll labelled KAMPERI PAUTH.
   595 | D:1      | 595 ||| READING scroll labelled ZEFFIKU FICS.
   596 | D:1      | 596 ||| READING scroll labelled NOFAG ZEIPP.
   597 | D:1      | 597 ||| READING scroll labelled WINASM TODGH.
   598 | D:1      | 598 ||| READING scroll labelled TINUYN BIMPI EDA.
   599 | D:1      | 599 ||| DROPPING scroll of butterflies.
   618 | D:2      | Found Darphibo's Assorted Antiques.
   626 | D:2      | 626 ||| BUYING scroll labelled DOCOIWO HOBANO (23 gold).
   626 | D:2      | Bought a scroll labelled DOCOIWO HOBANO for 23 gold pieces
   626 | D:2      | 626 ||| BUYING scroll labelled XADUIHU WEKH (23 gold).
   626 | D:2      | Bought a scroll labelled XADUIHU WEKH for 23 gold pieces
   626 | D:2      | 626 ||| SHOPLISTING scroll of teleportation (69 gold, have
                  | 5).
   626 | D:2      | 626 ||| SHOPLISTING sedimented dark potion (20 gold, have
                  | 5).
   666 | D:2      | Noticed Terence
   672 | D:2      | Killed Terence
   673 | D:2      | Reached skill level 3 in Fighting
   673 | D:2      | Reached XP level 4. HP: 17/28 MP: 4/4
   729 | D:2      | Identified the +2 leather armour "Engurchiw" {rPois rC-
                  | Dex+4}
   927 | D:2      | 927 ||| Stepping ~*~*~tactically~*~*~ (retreating).
   931 | D:2      | 931 ||| FLEEEEING.
   932 | D:2      | 932 ||| FLEEEEING.
   933 | D:2      | 933 ||| FLEEEEING.
   934 | D:2      | 934 ||| FLEEEEING.
   935 | D:2      | 935 ||| FLEEEEING.
   936 | D:2      | 936 ||| FLEEEEING.
   937 | D:2      | 937 ||| FLEEEEING.
   938 | D:2      | 938 ||| FLEEEEING.
   939 | D:2      | 939 ||| FLEEEEING.
   940 | D:2      | 940 ||| FLEEEEING.
   941 | D:2      | 941 ||| FLEEEEING.
   942 | D:2      | 942 ||| FLEEEEING.
   943 | D:2      | 943 ||| FLEEEEING.
   944 | D:2      | 944 ||| FLEEEEING.
   945 | D:2      | 945 ||| FLEEEEING.
   985 | D:2      | HP: 1/28 [gnoll/+0 halberd (7)]
   986 | D:2      | 986 ||| READING 2 scrolls of teleportation.
   986 | D:2      | Slain by a gnoll

Levels and vault maps discovered:
D:1:      dpeg_arrival_refuge, layout_loops_cross
D:2:      layout_loops_corners, serial_shops, shop, minmay_crystal_water,
          uniq_terence

Skill      XL: |  1  2  3 |
---------------+----------+-----
Ranged Weapons | 5 |  5.4
Fighting       | 3 |  3.3
Dodging        | |  1.5
Stealth        | |  1.1

Action                     |  1- 3 |  4- 6 || total
---------------------------+-------+-------++-------
   Fire: Shortbow          |    68 |    31 ||    99
    Use: Scroll            |     6 |     1 ||     7
 Armour: Leather armour    |    16 |     7 ||    23
  Dodge: Dodged            |    13 |    11 ||    24

Table legend:
 A = Non-vault XP
 B = Vault XP
 C = Vault XP percentage of total XP
 D = Non-vault monster count
 E = Vault monster count
 F = Vault count percentage of total count
                 A         B        C        D         E       F
            +---------+---------+-------+---------+---------+-------
      Total |     103 |      36 |  25.9 |      35 |       1 |   2.8
            +---------+---------+-------+---------+---------+-------
        D:1 |      47 |       0 |   0.0 |      24 |       0 |   0.0
        D:2 |      56 |      36 |  39.1 |      11 |       1 |   8.3
            +---------+---------+-------+---------+---------+-------
